Cogmind - Beta 16 @@@ ROGUE MODE // 2025.11.27 @ 01:07:46 Player: Vriska Result: Destroyed by G-34 Mercenary with Small Laser Performance ------------- Evolutions (0) 0 Regions Visited (1) 200 Robots Destroyed (19) 95 Value Destroyed (416) 416 Prototype IDs (0) 0 Alien Tech Used (0) 0 Bonus (0) 0 TOTAL SCORE: 711 Bonus ------- None Cogmind --------- Core Integrity 0/250 Matter 284/300 Energy 95/100 System Corruption 0% Temperature Cool (6) Movement Walking (120) Location -10/Materials Parts ------- > --- POWER (1) -------- (None) > --- PROPULSION (2) --- Aluminum Leg Aluminum Leg > --- UTILITY (2) ------ Medium Storage Unit Signal Interpreter > --- WEAPON (2) ------- Small Laser Light Cannon > --- INVENTORY (10) --- Light Ion Engine Aluminum Leg Aluminum Leg Structural Scanner Visual Processing Unit Targeting Computer Light Armor Plating Hacking Suite Light Cannon Grenade Launcher Peak State ------------ > --- POWER ------------ Ion Engine > --- PROPULSION ------- Aluminum Leg Aluminum Leg > --- UTILITY ---------- Medium Storage Unit Signal Interpreter > --- WEAPON ----------- Light Assault Rifle Light Cannon > --- INVENTORY -------- Aluminum Leg Aluminum Leg Aluminum Leg Small Storage Unit Structural Scanner Targeting Computer Hacking Suite Light Cannon [Rating: 8] Favorites ----------- Power Ion Engine Engine Ion Engine Propulsion Aluminum Leg Leg Aluminum Leg Utility Signal Interpreter Storage Medium Storage Unit Processor Signal Interpreter Weapon Light Assault Rifle Energy Gun Small Laser Ballistic Gun Light Assault Rifle Ballistic Cannon Light Cannon Build | -11 -10 ------- Run | Yrd Mat Slots Evolved . | . . Power . | . . Propulsion . | . . Utility . | . . Weapon . | . . Parts Attached 18 | 5 13 Power 4 | 1 3 Engine 4 | 1 3 Core . | . . Reactor . | . . Propulsion 6 | 2 4 Treads . | . . Leg 6 | 2 4 Wheel . | . . Hover . | . . Flight . | . . Utility 3 | . 3 Device . | . . Storage 2 | . 2 Processor 1 | . 1 Hackware . | . . Protection . | . . Artifact . | . . Weapon 5 | 2 3 Energy Gun 1 | . 1 Energy Cannon . | . . Ballistic Gun 2 | 2 . Ballistic Cannon 2 | . 2 Launcher . | . . Special Weapon . | . . Impact Weapon . | . . Slashing Weapon . | . . Piercing Weapon . | . . Special Melee Weapon . | . . Unidentified Prototypes . | . . Parts Lost 3 | . 3 Power 2 | . 2 Propulsion . | . . Utility . | . . Weapon 1 | . 1 Highest Loss Streak 1 | . 1 To Critical Strikes . | . . Average Backups 6 | 1 6 Power . | . . Propulsion 1 | . 1 Utility 3 | . 3 Weapon . | . . Tool/Special . | . . Unused Backups 7 | . 7 Power 1 | . 1 Propulsion . | . . Utility 5 | . 5 Weapon 1 | . 1 Tool/Special . | . . Average Slot Usage (%) 97 | . 97 Engine 14 | . 14 Leg 28 | . 28 Storage 13 | . 13 Processor 13 | . 13 Energy Gun 5 | . 5 Ballistic Gun 12 | . 12 Ballistic Cannon 7 | . 7 Peak Build Rating 8 | 5 8 Average Rating 7 | 4 7 On Entrance 2 | . 5 Avg Prop Armor Cover (%) . | . . Naked Turns . | . . Heaviest Build 21 | 6 21 Greatest Support 20 | 20 20 Greatest Overweight (x) 1 | . 1 Average Overweight (x) . | . . Largest Inventory Capacity 10 | 5 10 Average Capacity 9 | 5 9 Most Carried 10 | 2 10 Average Carried 6 | 1 6 Final Capacity 10 | 5 10 Final Carried 10 | 2 10 Class Distribution -------------------- 100% | Mutant Dominant Class ---------------- Mutant | -10/Materials Resources | -11 -10 ----------- Run | Yrd Mat Matter Collected 732 | 235 497 Remotely . | . . Salvage Created 588 | . 588 Parts 38 | . 38 Haulers Intercepted 2 | . 2 Recyclers Shooed . | . . Parts Field Recycled . | . . Retrieved Matter . | . . Parts Self-Destructed . | . . Prevented . | . . Parts Restored . | . . Kills | -11 -10 ------- Run | Yrd Mat Combat Hostiles Destroyed 13 | . 13 Guns 10 | . 10 Cannons 3 | . 3 Classes Destroyed 5 | . 5 Hauler 2 | . 2 Operator 2 | . 2 Watcher 2 | . 2 Swarmer 5 | . 5 Grunt 8 | . 8 Best Kill Streak 3 | . 3 Combat Bots Only 3 | . 3 Max Kills in Single Turn 1 | . 1 Gunslinging . | . . Exploded . | . . Melee . | . . Uniques/NPCs Destroyed . | . . Combat | -11 -10 -------- Run | Yrd Mat Hostile Shots Fired 132 | . 132 Missed 42 | . 42 Hits 90 | . 90 Projectile 90 | . 90 Critical Strikes 1 | . 1 Damage Taken 995 | . 995 Core 258 | . 258 Absorbed by Shields . | . . Regen/Repaired (Parts) 118 | . 118 Core Remaining (%) 100 | 100 . Volleys Fired 97 | . 97 Largest 2 | . 2 Hottest 70 | . 70 Shots Fired 176 | . 176 Gun 143 | . 143 Cannon 33 | . 33 Launcher . | . . Special . | . . Kinetic 152 | . 152 Thermal 24 | . 24 Explosive . | . . Electromagnetic . | . . Robot Hit Streak 8 | . 8 Robot Miss Streak 5 | . 5 Penetration Max . | . . Secondary Targets 1 | . 1 Max Gunslinging Chain 1 | . 1 Shots Hit Robots 109 | . 109 Core Hits 39 | . 39 Critical Kills . | . . Critical Parts Destroyed 1 | . 1 Critical Strikes 2 | . 2 Destroy 1 | . 1 Blast 1 | . 1 Melee Attacks . | . . Impact . | . . Slashing . | . . Piercing . | . . Sneak Attacks . | . . Combat Hostiles . | . . Follow-up Attacks . | . . Damage Inflicted 1234 | . 1234 Guns 864 | . 864 Cannons 364 | . 364 Explosions . | . . Melee . | . . Ramming 6 | . 6 Kinetic 1075 | . 1075 Thermal 153 | . 153 Explosive . | . . Electromagnetic . | . . Impact . | . . Slashing . | . . Piercing . | . . Highest Corruption . | . . Average Corruption . | . . Corruption Purged . | . . Corruption Blocked . | . . Overload Shots . | . . Overflow Damage . | . . Projectiles . | . . Explosions . | . . Melee . | . . Knockbacks 6 | . 6 Impact . | . . Kinetic 6 | . 6 Secondary . | . . Self-Inflicted Damage . | . . Shots . | . . Rammed . | . . Targets Rammed 1 | . 1 Kicked 1 | . 1 Crushed . | . . Highest Temperature 90 | . 90 Average Temperature 21 | . 21 Received Heat Transfer 480 | . 480 Siege Activations . | . . Martial Activations . | . . Shielding Activations . | . . Robots Disrupted . | . . Combat Hostiles . | . . Robots Corrupted . | . . Combat Hostiles . | . . Parts Fried . | . . Impact Corruptions . | . . Robots Melted . | . . Combat Hostiles . | . . Parts Melted . | . . Heat Transferred 350 | . 350 Parts Sabotaged . | . . Parts Stolen . | . . Parts Stripped . | . . Power Chain Reactions . | . . Alert | -11 -10 ------- Run | Yrd Mat Maximum Alert Level . | . . Low Security (%) 100 | 100 100 Level 1 . | . . Level 2 . | . . Level 3 . | . . Level 4 . | . . Level 5 . | . . High Security . | . . Max Security . | . . Peak Influence 90 | . 90 Initial . | . . Average 29 | . 30 Influence Increases 400 | . 400 Destroy 0b10 Robot/C 260 | . 260 Destroy 0b10 Robot/NC 30 | . 30 Destroy Leader 88 | . 88 Successful Hack 21 | . 21 Destroy Structure 1 | . 1 Influence Decreases 371 | . 371 Time Decay 341 | . 341 Lost Part 30 | . 30 Squads Dispatched 5 | . 5 Investigation 2 | . 2 Extermination . | . . Reinforcement 3 | . 3 Assault . | . . Garrison . | . . Intercept . | . . Searches Triggered . | . . Construction Impeded . | . . Haulers Reinforced . | . . Active Scanning Responses . | . . Cargo Convoy Interrupts . | . . Stealth | -11 -10 --------- Run | Yrd Mat Distress Signals . | . . Communications Jammed . | . . Distress Signals . | . . Times Spotted 31 | . 31 Peak Tracking Total 4 | . 4 Tactical Retreats . | . . Traps | -11 -10 ------- Run | Yrd Mat Traps Triggered 2 | . 2 Indirectly . | . . Trap Hack Attempts . | . . Triggered . | . . Disarmed . | . . Reprogrammed . | . . Reused . | . . Traps Extracted . | . . Installed . | . . Triggered . | . . Machines | -11 -10 ---------- Run | Yrd Mat Machines Disabled . | . . Max in Single Turn . | . . Machines Repaired . | . . Machines Dismantled . | . . Machines Sabotaged . | . . Overloaded Fab Kills . | . . Hacking | -11 -10 --------- Run | Yrd Mat Machines Accessed 4 | . 4 Terminals 1 | . 1 Fabricators . | . . Repair Stations 1 | . 1 Recycling Units 2 | . 2 Scanalyzers . | . . Garrison Access . | . . Total Hacks 10 | . 10 Successful 8 | . 8 Failed 2 | . 2 Catastrophic . | . . Database Lockouts . | . . Manual 2 | . 2 Terminals 3 | . 3 Fabricators . | . . Repair Stations 4 | . 4 Recycling Units 3 | . 3 Scanalyzers . | . . Garrison Access . | . . Terminal Hacks 1 | . 1 Robot Analysis 1 | . 1 Fabricator Hacks . | . . Repair Station Hacks 4 | . 4 Scan Component 2 | . 2 Repair 2 | . 2 Recycling Unit Hacks 3 | . 3 Process 1 | . 1 Report Inventory 2 | . 2 Scanalyzer . | . . Garrison Access Hacks . | . . Unauthorized Hacks . | . . Terminals . | . . Fabricators . | . . Repair Stations . | . . Recycling Units . | . . Scanalyzers . | . . Garrison Access . | . . Data Cores Recovered . | . . Used . | . . Hacking Detections 2 | . 2 Full Trace Events 1 | . 1 Feedback Events . | . . Feedback Blocked . | . . Robot Schematics Acquired . | . . Robots Built . | . . Authchips . | . . Time . | . . Total Robot Build Rating . | . . Part Schematics Acquired . | . . Parts Built . | . . Authchips . | . . Time . | . . Total Part Build Rating . | . . Part Studies Acquired . | . . Parts Repaired 2 | . 2 Time 52 | . 52 Parts Recycled . | . . Recycled Matter 116 | . 116 Retrieved Matter . | . . Retrieved Components . | . . Parts Scanalyzed . | . . Part Schematics Acquired . | . . Parts Damaged . | . . Bothacking | -11 -10 ------------ Run | Yrd Mat Used RIF Installer . | . . Robots Hacked . | . . Non-combat . | . . Combat . | . . Robot Hacks Applied . | . . Relay Couplers Released . | . . Fabnet Peak Effective % . | . . Robots Rewired . | . . Allies Hacked . | . . Hacks Repelled . | . . Allies | -11 -10 -------- Run | Yrd Mat Total Allies . | . . Largest Group . | . . Highest-Rated Group . | . . Highest-Rated Ally . | . . Total Orders . | . . Ally Attacks . | . . Total Damage . | . . Kills . | . . Allies Corrupted . | . . Allies Melted . | . . Intel | -11 -10 ------- Run | Yrd Mat Active Infowar (turns) . | . . Robot Analysis Total 1 | . 1 Derelict Logs Recovered . | . . Drone Launches . | . . Drone Recoveries . | . . Exploration | -11 -10 ------------- Run | Yrd Mat Turns Passed 1267 | 72 1195 Spaces Moved 714 | 56 658 Core 6 | 6 . Treads . | . . Legs 708 | 50 658 Wheels . | . . Hover . | . . Flight . | . . Fastest Speed 50 | 50 120 Average Speed 120 | 112 120 Slowest Speed 190 | 120 190 Overloaded Moves . | . . Propulsion Burnouts . | . . Robots Hopped . | . . Potential Cave-ins . | . . Cave-ins Triggered . | . . Exploration Rate (%) 47 | 3 91 Regions Visited 1 Branch Regions . Pre-discovered Areas . | . . Known Exits Taken . | . . Unknown Exits Taken 1 | 1 . Scrap Searched . | . . Spaces Dug . | . . Terrain Destroyed . | . . Melee . | . . Projectile . | . . AOE . | . . Terrain Rammed . | . . Walls Destroyed . | . . Machines Disabled . | . . Actions | -11 -10 --------- Run | Yrd Mat Total 960 | 63 897 Wait 100 | . 100 Move 713 | 55 658 Hop . | . . Pick Up 16 | 3 13 Fast Attach 9 | 4 5 Attach 3 | 1 2 Detach . | . . Swap 10 | . 10 Drop 11 | . 11 Fire 97 | . 97 Melee . | . . Ram . | . . Kick 1 | . 1 Crush . | . . Escape Stasis . | . . Rewire . | . . Trap . | . . Miscellaneous . | . . Route ------- -11/Scrapyard -10/Materials (discovered 4 exits: *Mat x3 / [*Min]) History --------- Turn | Location | Event 19 | -11/Scrapyard | Discovered new exit (range 15) 73 | -11/Scrapyard | Entered Materials 311 | -10/Materials | Build established: Mutant 508 | -10/Materials | Core integrity fell below 50% 592 | -10/Materials | Discovered new exit (range 13) 748 | -10/Materials | Discovered new exit (range 8) 866 | -10/Materials | Discovered new exit (range 14) 880 | -10/Materials | Identified exit to Materials 1001 | -10/Materials | Discovered exit to Materials (range 14) 1016 | -10/Materials | Core integrity fell below 20% 1107 | -10/Materials | Repaired Aluminum Leg 1134 | -10/Materials | Repaired Aluminum Leg 1268 | -10/Materials | Destroyed by G-34 Mercenary with Small Laser Last Messages --------------- targets at close range with the support of ranged combat units. They are protected by additional armor to increase their chances of survival while closing distance with a target, after which their hammer can quickly crush vital components and diminish the target's ability to operate. Connecting with Terminal... ALERT: Suspicious activity at Terminal M001. Dispatching Investigation squad. A-02 Transporter Lgt. Treads blasted off. A-02 Transporter destroyed. K-01 Serf collects debris. K-01 Serf cleans the Atomic Centrifuge. K-01 Serf collects debris. Dropped Mining Laser. Acquired Grenade Launcher. K-01 Serf collects debris. Acquired 3 matter. K-01 Serf cleans the Atomic Centrifuge. G-34 Mercenary knocked back. Ion Engine destroyed. Map ----- +----------------------------------------------------+ | | | | | | | | | | | | | | | | | ?????????????????????????????????????????????????? | | ??####???????????????????????????????????????????? | | ??# ####???????????????????????????????????????? | | ??# #??????????????????????????????????????? | | ??# ##?????????????????????????????????????? | | ???# #?????????????????????????????????????? | | ????# #???????????????????????????#########?? | | ######### ###?????????????????####????? #?? | | # """ # ###########??????? #???# """ """ #?? | | # """ # ## #??????? < #???# """ """ #?? | | # """ + + = " #??????# #???# """ """ #?? | | # * # ## T ######## #???# #?? | | # * !# ## " # # #???# ! #?? | | ######### #### """ # # #???# #?? | | ######### #??# """ # """ # #???# ### | | # # #??# """ # """ # #???########+## | | # !# #??#! """ # """ # ########## | | # # #??# # @ %# | | # """ # #######+########g### #??####### | | # """ [# !! gg % #????????# ## | | # """ +% !| ! #????????# #### | | # # """ %% % ########## #??? | | # """ ### """ !]=] k # + #??? | | # """ #?#!! """ ]] | # ### #??? | | # """ #?#!! % # """ #?# #??? | | # #?#!! ""T"" + """ #?# #### | | #########?# """"" # """ #?# | | ??????????# # #?# | | ??????????# % ########?# | | ??????????# ##### ############ #????????##+##### | | ??????????# #???# #???###????# #???????????????? | | ??????????# #???# #???? ????# #???????????????? | | ??????????# #???# #???? ???# #???????????????? | | ??????????# #???# #???# ???# #???????????????? | | ??????????# #####+##### """??# #???????????????? | | ??????????# # # """?## ##??????????????? | | ??????????# # """"" # """ # #??????????????? | | ??????????# # ""T"" # # #??????????????? | | ??????????# # # """ + " #??????????????? | | ??????????# # # """ # #??????????????? | | ??????????# # # """ # #??????????????? | | ########### # # ?#######??????????????? | +----------------------------------------------------+ Best States ------------- Heat Dissipation 25 Energy Generation 10 Energy Capacity 250 Matter Stores 300 Matter Capacity 300 Sight Range 16 Terrain Scan Density 10 Evasion (%) 55 Item Schematics ----------------- None Robot Schematics ------------------ None Fabricated ------------ Nothing Repaired ---------- Aluminum Leg | 32% | -10/Materials Aluminum Leg | 36% | -10/Materials Studied --------- None Alien Tech Used ----------------- None Achievements -------------- None Challenges ------------ None Game ------ Seed DisassembledSystemInterface Manual? 0 Play Time 00:14:14 Cumulative 24.1 hours Start 2025.11.27 @ 00:49:00 End 2025.11.27 @ 01:07:46 Sessions 1 Manual Loads 0 Difficulty Rogue Special Mode None Game No. 46 Rogue 46 Adventurer 0 Explorer 0 Win Type - Total 0 Types 0/0/0/0/0/0/0/0/0/0 Lore% 26 Gallery% 22 Achievement% 19 Wizard Run 0 Options --------- Layout 0 ASCII 0 Keyboard 0 Movement Numpad Keybinds 0 Fullscreen 1 Font 18/SmallcapsGlow Map View 76x50 Zoom Use 0% Tactical HUD 0 Map Filters NONE Filters NONE Steam 1 RUN: e483f137-e19a-4749-84d0-cb5293f2fade